 Dungeon Crawl Stone Soup version 0.30-a0-576-g89cddaab80 (webtiles) character file.

Game seed: 12816470436437494283

96 Newt the Trooper (level 4, -3/37 HPs)
             Began as a Demonspawn Gladiator on Dec 30, 2022.
             Was an Initiate of Okawaru.
             Slain by a gnoll
             ... wielding a +0 spear
              (8 damage)
             ... on level 2 of the Dungeon.
             The game lasted 00:02:45 (1601 turns).

Newt the Trooper (Demonspawn Gladiator)             Turns: 1601, Time: 00:02:46

Health: -3/37      AC:  4    Str: 17    XL:     4   Next: 41%
Magic:  4/4        EV: 12    Int:  9    God:    Okawaru [......]
Gold:   83         SH:  0    Dex: 14    Spells: 3/3 levels left

rFire   . . .      SeeInvis .    a - +0 rapier
rCold   . . .      Faith    .    (no shield)
rNeg    . . .      Spirit   .    b - +0 leather armour
rPois   .          Reflect  .    c - +0 helmet
rElec   .          Harm     .    (no cloak)
rCorr   .          Rampage  .    (no gloves)
Will    +....                    (no boots)
Stlth   ++                       (no amulet)
HPRegen 0.26/turn                i - ring of willpower
MPRegen 0.09/turn                (no ring)

@: mighty
A: foul stench 1
a: Renounce Religion


You were on level 2 of the Dungeon.
You worshipped Okawaru.
Okawaru was noncommittal.
You visited 1 branch of the dungeon, and saw 2 of its levels.

You collected 83 gold pieces.

Inventory:

Hand Weapons
 a - a +0 rapier (weapon)
Missiles
 l - 6 curare-tipped darts (quivered)
 n - 3 poisoned darts
Armour
 b - a +0 leather armour (worn)
 c - a +0 helmet (worn)
 m - a +0 chain mail
Jewellery
 i - a ring of willpower (left hand)
Scrolls
 k - a scroll of amnesia {unknown}
Potions
 g - a potion of flight {unknown}
 h - a potion of cancellation {unknown}
 j - a potion of mutation {unknown}
 o - a potion of brilliance {unknown}


   Skills:
 - Level 4.0 Fighting
 - Level 2.6 Short Blades
 + Level 2.0 Throwing
 - Level 2.6 Dodging
 - Level 2.0 Stealth


You had 3 spell levels left.
You didn't know any spells.
Your spell library contained the following spells:

 Spells                   Type           Power      Damage    Failure   Level
 Inner Flame              Hex/Fire       0%         N/A       83%         3
 Flame Wave               Conj/Fire      0%         2d4       99%         4
 Sticky Flame             Conj/Fire      0%         2d3       99%         4


Dungeon Overview and Level Annotations

Branches:
Dungeon (2/15)

Altars:
Okawaru


Innate Abilities, Weirdness & Mutations

You may rarely emit foul miasma when damaged in melee.


Message History

Press: ? - help, Q - select action, (/) - cycle Shift-Dir - straight line, f/p - gnoll
Aim: a gnoll, wielding a +0 flail (lightly wounded, 64% to hit)
You throw a throwing net.
The throwing net closely misses the gnoll.
The gnoll hits you with a +0 flail! The gnoll misses you.
Throw: throwing net
Press: ? - help, Q - select action, (/) - cycle Shift-Dir - straight line, f/p - gnoll
Aim: a gnoll, wielding a +0 flail (lightly wounded, 64% to hit)
You throw a throwing net. The throwing net hits the gnoll.
The gnoll is caught in the net!
The gnoll is lightly wounded.
The gnoll struggles against the net.
The gnoll closely misses you.
You hit the gnoll but do no damage.
The gnoll is lightly wounded.
The gnoll struggles against the net.
The gnoll closely misses you.
You hit the gnoll.
The gnoll is heavily wounded.
The gnoll struggles against the net.
The gnoll barely misses you.
You hit the gnoll.
The gnoll is severely wounded.
The gnoll struggles against the net.
The gnoll hits you from afar with a +0 spear.
* * * LOW HITPOINT WARNING * * *
You strike the helpless gnoll from behind!
You hit the gnoll.
You kill the gnoll!
Okawaru accepts your kill. The gnoll closely misses you.
Your Throwing skill increases to level 2!
Throw: 4 darts (poison)
Press: ? - help, Shift-Dir - straight line, f - gnoll
Aim: a gnoll, wielding a +0 spear (65% to hit)
You throw a poisoned dart. The poisoned dart hits the gnoll.
The gnoll is poisoned.
The gnoll hits you from afar with a +0 spear.
* * * LOW HITPOINT WARNING * * *
It was a potion of might.
You feel very mighty all of a sudden.
The gnoll hits you from afar with a +0 spear!
You die...

)...... ....(#
###.... ....# .# .
...# .# .)# .# #)#
###### ########.#
.....###........g#
.........#.#.##..#
......#..#.#.##.@####
....................#
......#..........####
#.##..#.####.##.##
#.##..#.####.##.#
.##...#.#.......#
##....#.#.##.####
...#...).##.#
...####.####[#


You could see a gnoll (poisoned).

Vanquished Creatures
  2 gnolls (D:2)
  3 adders (D:2)
  A dart slug (D:2)
  7 ball pythons
  3 endoplasms (D:1)
  5 giant cockroaches
  A goblin (D:1)
  A hobgoblin (D:1)
  6 quokkas
  8 bats
  4 frilled lizards
  5 kobolds
  A rat (D:1)
47 creatures vanquished.

Notes
Turn   | Place    | Note
-------+----------+-------------------------------------------
     0 | D:1      | Newt the Demonspawn Gladiator began the quest for the Orb.
     0 | D:1      | Reached XP level 1. HP: 16/16 MP: 1/1
    47 | D:1      | Reached skill level 1 in Stealth
    83 | D:1      | Gained mutation: You may rarely emit foul miasma when
                  | damaged in melee. [demonic ancestry]
    83 | D:1      | Reached XP level 2. HP: 7/22 MP: 2/2
   980 | D:2      | Found a faded altar of an unknown god.
  1004 | D:2      | Reached XP level 3. HP: 28/28 MP: 3/3
  1032 | D:2      | Found an iron altar of Okawaru.
  1041 | D:2      | Became a worshipper of Warmaster Okawaru
  1113 | D:2      | Reached skill level 3 in Fighting
  1462 | D:2      | Reached XP level 4. HP: 16/37 MP: 4/4
  1590 | D:2      | Reached skill level 4 in Fighting
  1601 | D:2      | Slain by a gnoll

Illustrated notes

Levels and vault maps discovered:
D:1:      tekkud_arrival_beachfront_property, layout_loops_ring, minmay_tall_x
D:2:      layout_basic, hellmonk_ecumenical_altar_crossroads, basic_altar,
          hangedman_decor_diamond_cutter

Skill      XL: |  1  2  3  4 |
---------------+-------------+-----
Stealth        | 1 2 |  2.0
Fighting       | 3 4 |  4.0
Throwing       | 2 |  2.0
Short Blades   | |  2.6
Dodging        | |  2.6

Action                   |  1- 3 |  4- 6 || total
-------------------------+-------+-------++-------
Melee: Rapier            |   168 |     6 ||   174
       Punch             |     1 |       ||     1
Throw: Throwing net      |     2 |     3 ||     5
       Javelin           |     2 |     1 ||     3
       Dart              |       |     1 ||     1
  Use: Scroll            |     3 |       ||     3
       Potion            |       |     1 ||     1
 Stab: Sleeping          |     4 |       ||     4
       Held in net/web   |     1 |     1 ||     2
Armor: Leather armour    |    69 |     1 ||    70
Dodge: Dodged            |   134 |     6 ||   140

Table legend: (Time is in decaauts)
 A = Elapsed time spent in this place.
 B = Non-inter-level travel time spent in this place.
 C = Inter-level travel time spent in this place.
 D = Time resting spent in this place.
 E = Time spent auto-exploring this place.
 F = Levels seen in this place.
 G = Mean time per level.
                   A        B        C        D        E       F      G
               +--------+--------+--------+--------+--------+-----+--------+
         Total |   1615 |   1581 |     34 |    271 |    932 |   2 |  807.5 |
       Dungeon |   1615 |   1581 |     34 |    271 |    932 |   2 |  807.5 |
               +--------+--------+--------+--------+--------+-----+--------+

Top non-repeatable levels by time:
     D:1: 987 daAuts
     D:2: 628 daAuts
